[Event "Balkan Youth Online-ch 2020"]
[Site "Online"]
[Date "2020.10.31"]
[Round "1.73"]
[White "Chicarosie, Ioana-Bianca"]
[Black "Mihelic, Vesna"]
[Result "0-1"]
[ECO "D05"]
[WhiteElo "1521"]
[BlackElo "1872"]
[Annotator "NA RC"]
[PlyCount "66"]
[EventDate "2020.10.31"]
[EventType "swiss"]
[SourceTitle "playchess.com"]
[Source "ChessBase"]
[SourceQuality "1"]
[TimeControl "5400+30"]

1. d4 d5 2. Nf3 Nf6 3. e3 e6 4. Bd3 c5 5. c3 Nc6 6. Nbd2 Be7 7. O-O O-O 8. dxc5 Bxc5 9. e4 e5 10. Qc2 {[%emt 0:01:12] D05: Colle System with ...e6.} h6 11. exd5 Nxd5 {[%emt 0:00:38] [#]} 12. b4 $146 ({Predecessor:} 12. Nb3 Bd6 13. Rd1 Nf6 14. Nbd2 Bb8 15. Ne4 Nxe4 16. Bxe4 Qe7 17. Bf5 Bc7 18. Qe4 {1-0 (49) Piket,M (2350)-Bertholee,R (2355) Netherlands 1996}) 12... Bxb4 13. cxb4 Ndxb4 14. Bh7+ Kh8 15. Qb1 f5 16. Bg6 Qf6 17. Ba3 a5 18. Nc4 e4 19. Nfe5 Nxe5 20. Nxe5 Qxe5 21. Bxb4 axb4 22. Qxb4 Rf6 23. Bh5 f4 24. Be2 f3 25. Bc4 Bh3 26. g3 Bxf1 27. Rxf1 b6 28. Rd1 e3 29. Qe1 e2 30. Rd5 Qe6 31. Kh1 {[%emt 0:01:26] [#]} Qh3 $1 32. Qg1 e1=Q 33. Bf1 Qhxf1 0-1

[Event "Balkan Youth Online-ch 2020"]
[Site "Online"]
[Date "2020.10.31"]
[Round "1.74"]
[White "Puia, Alexia-Teodora"]
[Black "Tsakona, Maria"]
[Result "0-1"]
[ECO "D02"]
[WhiteElo "1697"]
[BlackElo "1596"]
[Annotator "NA RC"]
[PlyCount "46"]
[EventDate "2020.10.31"]
[EventType "swiss"]
[SourceTitle "playchess.com"]
[Source "ChessBase"]
[SourceQuality "1"]
[TimeControl "5400+30"]

1. d4 Nf6 2. Bf4 e6 3. e3 c5 4. c3 d5 5. Bd3 Bd6 6. Bg3 Qc7 7. Nf3 Nbd7 8. Nbd2 O-O 9. O-O Bxg3 10. hxg3 e5 11. e4 dxe4 12. Nxe4 Nxe4 13. Bxe4 Nf6 14. Bb1 e4 15. Ne5 Rd8 16. Re1 cxd4 17. cxd4 Qb6 18. Bxe4 Rxd4 19. Qc2 Nxe4 20. Rxe4 Bf5 21. Rae1 Rad8 22. Nc6 Rxe4 23. Rxe4 bxc6 0-1

[Event "Balkan Youth Online-ch 2020"]
[Site "Online"]
[Date "2020.10.31"]
[Round "1.77"]
[White "Zrmanovska, Mihaela"]
[Black "Kipik, Feyza"]
[Result "0-1"]
[ECO "B75"]
[WhiteElo "1300"]
[BlackElo "1592"]
[Annotator "NA RC"]
[PlyCount "70"]
[EventDate "2020.10.31"]
[EventType "swiss"]
[SourceTitle "playchess.com"]
[Source "ChessBase"]
[SourceQuality "1"]
[TimeControl "5400+30"]

1. e4 c5 2. Nf3 d6 3. d4 cxd4 4. Nxd4 Nf6 5. Nc3 g6 6. Be3 Bg7 7. f3 a6 8. Qd2 h5 9. O-O-O b5 10. Be2 Bb7 11. h3 Nbd7 12. g4 Ne5 13. g5 Nfd7 14. f4 Nc4 15. Bxc4 bxc4 16. Rhf1 Nc5 17. Qe2 Qa5 18. Qxc4 Rc8 19. Qe2 Nxe4 20. Nxe4 Bxe4 21. Kb1 Bxd4 22. Bxd4 Bxc2+ 23. Qxc2 Rxc2 24. Kxc2 O-O 25. Kb1 Qf5+ 26. Ka1 Qxh3 27. Rfe1 Re8 28. Bf6 Qd7 29. Re2 exf6 30. Rg2 f5 31. Rgd2 Re6 32. Rd3 Kg7 33. Ra3 Qb5 34. Rb3 Qc4 35. Rf3 d5 0-1

[Event "Balkan Youth Online-ch 2020"]
[Site "Online"]
[Date "2020.10.31"]
[Round "1.78"]
[White "Shuqja, Klean"]
[Black "Mitkova, Victoria-Elizabeth"]
[Result "1-0"]
[ECO "A03"]
[WhiteElo "1838"]
[BlackElo "1105"]
[Annotator "NA RC"]
[PlyCount "57"]
[EventDate "2020.10.31"]
[EventType "swiss"]
[SourceTitle "playchess.com"]
[Source "ChessBase"]
[SourceQuality "1"]
[TimeControl "5400+30"]

1. b3 d5 2. Bb2 c5 3. e3 a6 4. f4 Nc6 5. Nf3 Nf6 6. Be2 e6 7. Ne5 Nxe5 8. Bxe5 Be7 9. O-O O-O 10. d3 Bd7 11. Nd2 b5 12. Bf3 Rc8 13. c4 dxc4 14. dxc4 Bc6 $14 15. Bxc6 Rxc6 16. Qf3 Rc8 17. Rfd1 Qb6 18. Rac1 b4 19. Ne4 Nxe4 20. Qxe4 a5 21. Rd7 Rfe8 22. Rcd1 f6 23. Bd6 Bxd6 24. R1xd6 Qb8 25. Rxg7+ Kxg7 26. Rd7+ Kf8 27. Qxh7 Re7 28. Qxe7+ Kg8 29. Qg7# 1-0

[Event "Balkan Youth Online-ch 2020"]
[Site "Online"]
[Date "2020.10.31"]
[Round "1.79"]
[White "Paroglou, Marianna"]
[Black "Mandic, Anastasija"]
[Result "1-0"]
[ECO "C54"]
[WhiteElo "1436"]
[BlackElo "1130"]
[Annotator "NA RC"]
[PlyCount "61"]
[EventDate "2020.10.31"]
[EventType "swiss"]
[SourceTitle "playchess.com"]
[Source "ChessBase"]
[SourceQuality "1"]
[TimeControl "5400+30"]

1. e4 e5 2. Nf3 Nc6 3. Bc4 Bc5 4. c3 Nf6 5. d3 d6 6. O-O h6 7. Nbd2 O-O 8. Re1 Bg4 9. Nf1 Re8 10. h3 Bh5 11. Ng3 Bg6 12. Nh4 Bh7 13. Nhf5 Ne7 14. Qf3 Qd7 15. Nxh6+ Kf8 16. Nxf7 Bg8 17. Qxf6 Nc6 18. Nxe5+ gxf6 19. Nxd7+ Ke7 20. Nxc5 Bxc4 21. dxc4 dxc5 22. Bf4 Rac8 23. Rad1 Na5 24. Nf5+ Kf8 25. b3 b6 26. Rd7 Nb7 27. Bh6+ Kg8 28. Ne7+ Kh7 29. Nxc8+ Kxh6 30. Ne7 Nd6 31. Rxc7 1-0

[Event "Balkan Youth Online-ch 2020"]
[Site "Online"]
[Date "2020.10.31"]
[Round "1.80"]
[White "Jovanovic, Anja"]
[Black "Lusheska, Elena"]
[Result "1-0"]
[ECO "B13"]
[WhiteElo "1778"]
[BlackElo "1086"]
[Annotator "NA RC"]
[PlyCount "37"]
[EventDate "2020.10.31"]
[EventType "swiss"]
[SourceTitle "playchess.com"]
[Source "ChessBase"]
[SourceQuality "1"]
[TimeControl "5400+30"]

1. e4 c6 2. d4 d5 3. exd5 cxd5 4. Bd3 e6 5. Nf3 Nf6 6. O-O Bd6 7. c3 O-O 8. Bg5 Be7 9. Nbd2 Nc6 10. Rc1 Bd7 11. Ne5 Rc8 12. Bb1 g6 13. Bh6 Re8 14. Ndf3 Bf8 15. Qd2 Na5 16. Bxf8 Rxf8 17. Qh6 Re8 18. Ng5 Bb5 19. Ngxf7 1-0

[Event "Balkan Youth Online-ch 2020"]
[Site "Online"]
[Date "2020.10.31"]
[Round "1.86"]
[White "Tsampouli, Vasiliki"]
[Black "Elma, Muge"]
[Result "0-1"]
[ECO "B52"]
[WhiteElo "1549"]
[BlackElo "1689"]
[Annotator "NA RC"]
[PlyCount "154"]
[EventDate "2020.10.31"]
[EventType "swiss"]
[SourceTitle "playchess.com"]
[Source "ChessBase"]
[SourceQuality "1"]
[TimeControl "5400+30"]

1. e4 c5 2. Nf3 d6 3. Bb5+ Bd7 4. Bxd7+ Nxd7 5. d4 cxd4 6. Qxd4 Ngf6 7. Nc3 g6 8. O-O Bg7 9. Bg5 O-O 10. Qd2 Nc5 11. Rfe1 Qb6 12. Nd5 Nxd5 13. Qxd5 Qc7 14. c3 h6 15. Bf4 Ne6 16. Be3 Rfd8 17. Rad1 a6 18. h3 b5 19. Nd4 Nc5 20. Qc6 Rdc8 21. Qxc7 Rxc7 22. f3 Na4 23. Rd2 Rac8 24. a3 h5 25. Red1 Bf6 26. Kf2 Rb7 27. Nb3 Kg7 28. Na5 Rbc7 29. Nb3 Bh4+ 30. g3 Bf6 31. f4 Kf8 32. Kf3 Rc6 33. Nd4 R6c7 34. g4 Nc5 35. Rg2 hxg4+ 36. hxg4 e6 37. Ne2 Ke7 38. g5 Bg7 39. Rh2 Rh8 40. Rxh8 Bxh8 41. Bd4 Bxd4 42. Nxd4 Na4 43. Rd2 Nb6 44. Nb3 Nc4 45. Re2 Rc8 46. Nd4 e5 47. Nb3 Rh8 48. f5 Rh4 49. f6+ Ke6 50. Nc1 a5 51. Kg3 Rh5 52. Kg4 a4 53. Nd3 Rh1 54. Nb4 Rg1+ 55. Kh4 Kd7 56. Nd3 Rd1 57. Nb4 Rh1+ 58. Kg4 Rg1+ 59. Kh4 Rd1 60. Kg4 Nd2 61. Nd5 Rg1+ 62. Kh3 Nf3 63. Nb6+ Kc6 64. Nd5 Rxg5 65. Nb4+ Kd7 66. Re3 Rh5+ 67. Kg3 Ng5 68. Kg4 Ne6 69. Nd5 Rh2 70. Nb6+ Kc6 71. Nd5 Rxb2 72. Ne7+ Kd7 73. Rd3 Rg2+ 74. Kf3 Nf4 75. Rd1 g5 76. Nf5 g4+ 77. Ke3 Re2# 0-1

[Event "Balkan Youth Online-ch 2020"]
[Site "Online"]
[Date "2020.10.31"]
[Round "1.87"]
[White "Popovic, Mateja"]
[Black "Ivanovic, Tara"]
[Result "1-0"]
[ECO "D60"]
[WhiteElo "1592"]
[BlackElo "1283"]
[Annotator "NA RC"]
[PlyCount "108"]
[EventDate "2020.10.31"]
[EventType "swiss"]
[SourceTitle "playchess.com"]
[Source "ChessBase"]
[SourceQuality "1"]
[TimeControl "5400+30"]

1. d4 d5 2. c4 e6 3. Nc3 Nf6 4. Bg5 Be7 5. e3 O-O 6. Nf3 Nbd7 7. cxd5 Nxd5 8. Bxe7 Qxe7 9. Nxd5 exd5 10. Bd3 Nf6 11. Qc2 h6 12. Nd2 c6 13. h3 Re8 14. O-O-O Ne4 15. Nxe4 dxe4 16. Bc4 Be6 17. g4 Bxc4 18. Qxc4 Qe6 19. Qa4 Qd5 20. h4 c5 21. Qb5 a6 22. Qa5 Rac8 23. Kb1 Qc4 24. Rd2 cxd4 25. exd4 Qb5 26. Qxb5 axb5 27. Re1 Rcd8 28. Re3 Rd5 29. f3 Red8 30. Rxe4 Kf8 31. Kc2 f5 32. Rf4 g5 33. hxg5 hxg5 34. Rxf5+ Rxf5 35. gxf5 Kf7 36. Kd3 Kf6 37. Rc2 Rd5 38. Ke4 Rxf5 39. Rc7 Ke6 40. Rxb7 Rf4+ 41. Ke3 Kd5 42. Rxb5+ Kc4 43. Rc5+ Kb4 44. Rxg5 Rf8 45. Re5 Ra8 46. a3+ Kb3 47. Rb5+ Kc4 48. Rb4+ Kd5 49. Kd3 Rf8 50. Rb5+ Kc6 51. Rc5+ Kd6 52. Ke4 Re8+ 53. Re5 Rc8 54. f4 Rc3 1-0

[Event "Balkan Youth Online-ch 2020"]
[Site "Online"]
[Date "2020.10.31"]
[Round "1.92"]
[White "Kalyva, Kyriaki"]
[Black "Ergazaki, Eirini"]
[Result "1-0"]
[ECO "D00"]
[WhiteElo "1823"]
[BlackElo "1577"]
[Annotator "NA RC"]
[PlyCount "23"]
[EventDate "2020.10.31"]
[EventType "swiss"]
[SourceTitle "playchess.com"]
[Source "ChessBase"]
[SourceQuality "1"]
[TimeControl "5400+30"]

1. d4 d5 2. Nc3 Nf6 3. Bf4 c5 4. e3 Nc6 5. Nb5 e5 6. dxe5 Ne4 7. e6 Bxe6 8. Nc7+ Ke7 9. Nxa8 Qa5+ 10. c3 Nxc3 11. Qd2 Nb4 12. bxc3 1-0

[Event "Balkan Youth Online-ch 2020"]
[Site "Online"]
[Date "2020.10.31"]
[Round "1.93"]
[White "Zeycan, Alara"]
[Black "Mihailidou, Magdalini"]
[Result "0-1"]
[ECO "D00"]
[WhiteElo "1230"]
[BlackElo "1796"]
[Annotator "NA RC"]
[PlyCount "28"]
[EventDate "2020.10.31"]
[EventType "swiss"]
[SourceTitle "playchess.com"]
[Source "ChessBase"]
[SourceQuality "1"]
[TimeControl "5400+30"]

1. d4 d5 2. e3 Nf6 3. f4 e6 4. c3 Ne4 5. Bd3 Qh4+ 6. g3 Nxg3 7. hxg3 Qxh1 8. Kf1 e5 9. g4 e4 10. Be2 h5 11. Kf2 hxg4 12. Bxg4 Rh2+ 13. Kf1 Qg2+ 14. Ke1 Qxg1# 0-1

[Event "Balkan Youth Online-ch 2020"]
[Site "Online"]
[Date "2020.10.31"]
[Round "1.94"]
[White "Lupascu, Diana-Elena"]
[Black "Bojovic, Neda"]
[Result "1-0"]
[ECO "D11"]
[WhiteElo "1668"]
[BlackElo "1316"]
[Annotator "NA RC"]
[PlyCount "45"]
[EventDate "2020.10.31"]
[EventType "swiss"]
[SourceTitle "playchess.com"]
[Source "ChessBase"]
[SourceQuality "1"]
[TimeControl "5400+30"]

1. d4 d5 2. Nf3 Nf6 3. g3 c6 4. Bg2 Bf5 5. O-O e6 6. c4 h6 7. Nc3 Bd6 8. Nd2 O-O 9. e4 dxe4 10. Ndxe4 Bc7 11. Qb3 Nxe4 12. Nxe4 Qc8 13. Be3 Nd7 14. Rac1 Nb6 15. Nc5 Bd6 16. Nxb7 Qxb7 17. c5 Rac8 18. Rc3 Qb8 19. cxb6 axb6 20. Rfc1 Qb7 21. Rxc6 Rxc6 22. Rxc6 Qd7 23. Qxb6 1-0

[Event "Balkan Youth Online-ch 2020"]
[Site "Online"]
[Date "2020.10.31"]
[Round "2.2"]
[White "Sava, Robert-Gabriel"]
[Black "Petrovski, Nikola"]
[Result "1-0"]
[ECO "B30"]
[WhiteElo "1716"]
[BlackElo "1031"]
[Annotator "NA RC"]
[PlyCount "63"]
[EventDate "2020.10.31"]
[EventType "swiss"]
[SourceTitle "playchess.com"]
[Source "ChessBase"]
[SourceQuality "1"]
[TimeControl "5400+30"]

1. e4 c5 2. Nf3 Nc6 3. Bb5 Nd4 4. Nxd4 cxd4 5. O-O Nf6 6. d3 e5 7. f4 Bd6 8. Nd2 O-O 9. Nc4 Bb8 10. Nxe5 d6 11. Nf3 Bg4 12. h3 Bxf3 13. Qxf3 Qa5 14. Bc4 Bc7 15. Qf2 Qb6 16. Bb3 Rac8 17. Bd2 Rfe8 18. g4 h6 19. g5 Nd7 20. g6 Rf8 21. gxf7+ Kh7 22. Kh1 d5 23. Bxd5 Nf6 24. Bb3 Nh5 25. Qf3 Qg6 26. Rg1 Qc6 27. Qxh5 a5 28. Bd5 Qd6 29. Rg2 Qf6 30. e5 Qe7 31. Qg6+ Kh8 32. Qxg7# 1-0

[Event "Balkan Youth Online-ch 2020"]
[Site "Online"]
[Date "2020.10.31"]
[Round "2.3"]
[White "Alimema, Alvin"]
[Black "Sevig, Mert Can"]
[Result "0-1"]
[ECO "B23"]
[WhiteElo "1110"]
[BlackElo "1472"]
[Annotator "NA RC"]
[PlyCount "70"]
[EventDate "2020.10.31"]
[EventType "swiss"]
[SourceTitle "playchess.com"]
[Source "ChessBase"]
[SourceQuality "1"]
[TimeControl "5400+30"]

1. e4 c5 2. f4 d6 3. Nf3 Nc6 4. Bb5 Bd7 5. Bxc6 Bxc6 6. Nc3 e6 7. d3 Ne7 8. Bd2 g6 9. O-O Bg7 10. Qe1 Qb6 11. Nd1 d5 12. Bc3 c4+ 13. Kh1 d4 14. Ba5 Qa6 15. dxc4 Qxc4 16. c3 Bxe4 17. Nd2 Bxg2+ 18. Kxg2 Qd5+ 19. Ne4 Qxa5 20. Nd6+ Kf8 21. Ne4 Nf5 22. cxd4 Qxe1 23. Rxe1 Bxd4 24. Kf3 Rc8 25. Ndc3 Bxc3 26. bxc3 Ke7 27. Rad1 Rhd8 28. h3 b5 29. a3 Nd6 30. Nxd6 Rxc3+ 31. Re3 Rxe3+ 32. Kxe3 Rxd6 33. Rc1 Ra6 34. Rc5 Rxa3+ 35. Kd4 b4 0-1

[Event "Balkan Youth Online-ch 2020"]
[Site "Online"]
[Date "2020.10.31"]
[Round "2.7"]
[White "Palaiologou, Apostolos"]
[Black "Smirnov, Maksim"]
[Result "1-0"]
[ECO "B13"]
[WhiteElo "1410"]
[BlackElo "1139"]
[Annotator "NA RC"]
[PlyCount "93"]
[EventDate "2020.10.31"]
[EventType "swiss"]
[SourceTitle "playchess.com"]
[Source "ChessBase"]
[SourceQuality "1"]
[TimeControl "5400+30"]

1. e4 c6 2. d4 d5 3. exd5 cxd5 4. c4 Nf6 5. Nc3 Nc6 6. Nf3 Bg4 7. Be3 e6 8. a3 Be7 9. Be2 O-O 10. h3 Bh5 11. Ne5 Bxe2 12. Qxe2 Nd7 13. cxd5 exd5 14. Nd3 Nf6 15. O-O Re8 16. Qf3 Bd6 17. Kh1 Ne4 18. Nxd5 Bb8 19. Nc3 Nxd4 20. Bxd4 Qxd4 21. Rfe1 Nf6 22. Rxe8+ Nxe8 23. Qxb7 Qd6 24. g3 Qxd3 25. Qxa8 Qd6 26. Rd1 Qc7 27. Qd5 h6 28. Qd8 Qc6+ 29. Kg1 Bd6 30. Rxd6 Qxd6 31. Qxe8+ Kh7 32. Qe4+ Kg8 33. Qa8+ Kh7 34. Qxa7 Qd2 35. Qxf7 Qxb2 36. Qf5+ Kg8 37. Qc8+ Kh7 38. a4 Qc1+ 39. Kg2 Qg5 40. Qc4 Qd8 41. Qe4+ Kh8 42. Ne2 Qb6 43. Nf4 Qa6 44. Nd5 Qd6 45. Ne7 Qd7 46. Qa8+ Kh7 47. Qg8# 1-0

[Event "Balkan Youth Online-ch 2020"]
[Site "Online"]
[Date "2020.10.31"]
[Round "2.12"]
[White "Markosek, Bine"]
[Black "Mogirzan, Matei-Valeriu"]
[Result "0-1"]
[ECO "C54"]
[WhiteElo "1287"]
[BlackElo "1813"]
[Annotator "NA RC"]
[PlyCount "54"]
[EventDate "2020.10.31"]
[EventType "swiss"]
[SourceTitle "playchess.com"]
[Source "ChessBase"]
[SourceQuality "1"]
[TimeControl "5400+30"]

1. e4 e5 2. Nf3 Nc6 3. Bc4 Nf6 4. d3 Bc5 5. O-O O-O 6. c3 d6 7. h3 Be6 8. Bxe6 fxe6 9. Be3 Bxe3 10. fxe3 d5 11. Nbd2 h6 12. Qe2 Qe7 13. exd5 exd5 14. e4 Nh5 15. Qe3 Rad8 16. Rfe1 d4 17. cxd4 exd4 18. Qe2 Nf4 19. Qd1 Kh7 20. Nc4 b5 21. Na3 a6 22. Nc2 Ne5 23. Nxe5 Qxe5 24. Nb4 Rd6 25. Qb3 Nxh3+ 26. Kh1 Nf2+ 27. Kg1 Ng4 0-1

[Event "Balkan Youth Online-ch 2020"]
[Site "Online"]
[Date "2020.10.31"]
[Round "2.13"]
[White "Magold, Filip"]
[Black "Ramaj, Ergit"]
[Result "1-0"]
[ECO "B04"]
[WhiteElo "2043"]
[BlackElo "1444"]
[Annotator "RC"]
[PlyCount "115"]
[EventDate "2020.10.31"]
[EventType "swiss"]
[SourceTitle "playchess.com"]
[Source "ChessBase"]
[SourceQuality "1"]
[TimeControl "5400+30"]

1. e4 Nf6 2. e5 Nd5 3. c4 Nb6 4. d4 d6 5. exd6 cxd6 6. h3 g6 7. Nf3 Bg7 8. Nc3 O-O 9. Be3 e5 10. dxe5 dxe5 11. Qxd8 Rxd8 12. c5 N6d7 13. Bc4 h6 14. O-O Nc6 15. Rad1 Nf8 16. Rxd8 Nxd8 17. Rd1 Be6 18. Nd5 Bxd5 19. Bxd5 a5 20. Nd2 Nfe6 21. Nc4 Rc8 22. Nxa5 Nxc5 23. Rc1 b6 24. b4 bxa5 25. Rxc5 Rxc5 26. bxc5 Bf8 27. c6 Nxc6 28. Bxc6 f5 29. Bd2 Bb4 30. Bxh6 Kf7 31. Be3 f4 32. Bb6 Ke6 33. Bc7 g5 34. Kf1 Kf5 35. Ke2 e4 36. Bd7+ Kf6 37. h4 f3+ 38. gxf3 exf3+ 39. Kxf3 gxh4 40. Kg4 Bc5 41. Bxa5 Bxf2 42. Bd8+ Ke5 43. Bxh4 Kd6 44. Bf5 Bb6 45. Kf4 Kd5 46. Be4+ Kc4 47. Be7 Kb5 48. Ke5 Ka6 49. Bc6 Ka5 50. Kd5 Ba7 51. a4 Bg1 52. Bc5 Bh2 53. Bb5 Bb8 54. Kc6 Bc7 55. Bb4+ Kxb4 56. Kxc7 Ka5 57. Kb7 Kb4 58. Kb6 1-0

[Event "Balkan Youth Online-ch 2020"]
[Site "Online"]
[Date "2020.10.31"]
[Round "2.14"]
[White "Tsarsitalidis, Christos"]
[Black "Poupalos, Nikolaos"]
[Result "1-0"]
[ECO "B50"]
[WhiteElo "1786"]
[BlackElo "1887"]
[Annotator "NA RC"]
[PlyCount "75"]
[EventDate "2020.10.31"]
[EventType "swiss"]
[SourceTitle "playchess.com"]
[Source "ChessBase"]
[SourceQuality "1"]
[TimeControl "5400+30"]

1. e4 c5 2. Nf3 d6 3. c3 Nc6 4. Be2 Nf6 5. d4 cxd4 6. cxd4 e6 7. Nc3 Be7 8. O-O O-O 9. h3 d5 10. e5 Ne4 11. Bd3 Nxc3 12. bxc3 Qc7 13. Nh2 Re8 14. f4 Na5 15. Qf3 Bd7 16. g4 Rac8 17. Bd2 Nc4 18. Be1 Nb2 19. Bc2 Bb5 20. Rf2 Bh4 21. Bxh7+ Kxh7 22. Rxb2 Bxe1 23. Rxe1 a6 24. Rc2 Qc4 25. Re3 Qa4 26. Rf2 Rc7 27. f5 Rec8 28. g5 exf5 29. Qxf5+ g6 30. Qf4 Qd1+ 31. Kg2 Be8 32. Ng4 Rxc3 33. Rxc3 Rxc3 34. Nf6+ Kh8 35. Qh4+ Kg7 36. Qh7+ Kf8 37. Qg8+ Ke7 38. Qxe8# 1-0

[Event "Balkan Youth Online-ch 2020"]
[Site "Online"]
[Date "2020.10.31"]
[Round "2.19"]
[White "Boeru, Dragos-Matei"]
[Black "Kalin, Andrei"]
[Result "1-0"]
[ECO "B23"]
[WhiteElo "1756"]
[BlackElo "1426"]
[Annotator "NA RC"]
[PlyCount "185"]
[EventDate "2020.10.31"]
[EventType "swiss"]
[SourceTitle "playchess.com"]
[Source "ChessBase"]
[SourceQuality "1"]
[TimeControl "5400+30"]

1. e4 c5 2. Nc3 d6 3. f4 Nc6 4. Nf3 Nf6 5. g3 Bd7 6. Bg2 a6 7. d3 Qc7 8. O-O e6 9. Be3 Be7 10. Bf2 O-O-O 11. Ng5 Rhf8 12. Re1 h6 13. Nf3 e5 14. f5 g6 15. fxg6 fxg6 16. Qd2 g5 17. Be3 Be6 18. a3 Nd4 19. Bxd4 cxd4 20. Nd1 Kb8 21. Rc1 Rc8 22. Kh1 Qd7 23. Nf2 Nh5 24. Qe2 Nf6 25. c3 dxc3 26. Rxc3 Bd8 27. Rec1 Bb6 28. Nd1 Ng4 29. h3 Nf6 30. g4 Ng8 31. Ne3 Bxe3 32. Qxe3 Ne7 33. Nd2 Ng6 34. Nc4 Nf4 35. Nb6 Qb5 36. Nxc8 Rxc8 37. b4 Qa4 38. Qd2 Rxc3 39. Rxc3 Qd7 40. Qe1 Qe7 41. Bf1 Bd7 42. Bg2 Bb5 43. Bf1 Be8 44. Qc1 Qf7 45. Rc8+ Ka7 46. Qc4 Qxc4 47. dxc4 Ba4 48. Rd8 Bc2 49. Rxd6 Bxe4+ 50. Kh2 h5 51. gxh5 Nxh5 52. Bd3 Bf3 53. Bc2 g4 54. hxg4 Bxg4 55. Rd5 Nf4 56. Rxe5 Be2 57. Kg3 Nh5+ 58. Kf2 Bg4 59. Rg5 Nf6 60. Ke3 Bc8 61. c5 Nd7 62. Bf5 Kb8 63. Rg8 Kc7 64. Bxd7 Bxd7 65. Rg7 Kc6 66. Kd4 Be6 67. Rg6 Kd7 68. Ke5 Bc4 69. Rd6+ Kc7 70. Kf6 Bb5 71. Ke7 Ba4 72. Rf6 Bb5 73. Rb6 Ba4 74. Ke6 Be8 75. Kd5 Ba4 76. Kc4 Kb8 77. Rg6 Bb5+ 78. Kb3 Bc6 79. Rg7 Ka7 80. a4 Kb8 81. Rg1 Bd5+ 82. Kc3 Bc6 83. Ra1 Ka7 84. Kc4 Kb8 85. b5 axb5+ 86. axb5 Bd7 87. b6 Bc6 88. Rd1 Kc8 89. Rd6 Be8 90. Kd4 Bf7 91. Ke5 Bg8 92. Kf6 Bc4 93. Ke7 1-0

[Event "Balkan Youth Online-ch 2020"]
[Site "Online"]
[Date "2020.10.31"]
[Round "2.20"]
[White "Ivanov, Svetlen"]
[Black "Markov, Daniel"]
[Result "1-0"]
[ECO "B84"]
[WhiteElo "1781"]
[BlackElo "1386"]
[Annotator "NA RC"]
[PlyCount "153"]
[EventDate "2020.10.31"]
[EventType "swiss"]
[SourceTitle "playchess.com"]
[Source "ChessBase"]
[SourceQuality "1"]
[TimeControl "5400+30"]

1. e4 c5 2. Nf3 d6 3. d4 cxd4 4. Nxd4 Nf6 5. Nc3 e6 6. Be2 a6 7. O-O b5 8. a3 Bb7 9. f3 Nbd7 10. Be3 Nb6 11. Nb3 Rc8 12. Na5 Qc7 13. Qd4 Nfd7 14. f4 d5 15. Nxb7 Qxb7 16. exd5 Bc5 17. Qd2 Bxe3+ 18. Qxe3 Nxd5 19. Nxd5 Qxd5 20. Rad1 Qb7 21. Bf3 Qb6 22. Qxb6 Nxb6 23. Rf2 Rc7 24. Rd6 Nc4 25. Rxa6 Ke7 26. b3 Ne3 27. Rc6 Rhc8 28. Rxc7+ Rxc7 29. Be4 Ra7 30. Re2 Nd1 31. Rd2 Nc3 32. Bc6 Rxa3 33. Rd3 Ra1+ 34. Kf2 b4 35. Rd4 Na2 36. Be4 f5 37. Bd3 Rd1 38. Rc4 Nc1 39. Bf1 Na2 40. Be2 Rd2 41. Ke3 Rd7 42. Rc6 Nc3 43. Rc4 Na2 44. Rd4 Rxd4 45. Kxd4 Kf6 46. h4 h6 47. h5 g6 48. hxg6 Kxg6 49. Ke5 Kf7 50. Bc4 Nc3 51. Bxe6+ Ke7 52. Bxf5 Ne2 53. g4 Ng1 54. Be4 Nh3 55. f5 Ng5 56. Bd5 Nh7 57. Bf3 Nf6 58. Kd4 Kd6 59. Kc4 Kc7 60. Kxb4 Kb6 61. Kc4 Kc7 62. b4 Kb6 63. b5 Nd7 64. Kb4 Ne5 65. Be2 Nd7 66. c4 Nf6 67. c5+ Kc7 68. Bf3 Nd7 69. b6+ Kb8 70. Kb5 Nf6 71. c6 Ne8 72. Kc5 Kc8 73. Be2 Kb8 74. c7+ Kc8 75. Kc6 Nxc7 76. bxc7 h5 77. Ba6# 1-0

[Event "Balkan Youth Online-ch 2020"]
[Site "Online"]
[Date "2020.10.31"]
[Round "2.22"]
[White "Nikolovski, Kiril"]
[Black "Milovic, Ilija"]
[Result "1-0"]
[ECO "B01"]
[WhiteElo "1282"]
[BlackElo "1044"]
[Annotator "NA RC"]
[PlyCount "127"]
[EventDate "2020.10.31"]
[EventType "swiss"]
[SourceTitle "playchess.com"]
[Source "ChessBase"]
[SourceQuality "1"]
[TimeControl "5400+30"]

1. e4 d5 2. exd5 Nf6 3. d4 Nxd5 4. c4 Nf6 5. Nc3 Bg4 6. Be2 Bxe2 7. Ngxe2 e6 8. O-O Bb4 9. Bg5 h6 10. Bxf6 Qxf6 11. Qa4+ Nc6 12. d5 exd5 13. cxd5 Bxc3 14. Nxc3 O-O 15. dxc6 Qxc6 16. Qxc6 bxc6 17. Rac1 Rfe8 18. Rfe1 Rxe1+ 19. Rxe1 Rb8 20. Re2 Kf8 21. f4 f5 22. Kf2 h5 23. a3 Kf7 24. Ke3 Re8+ 25. Kd4 Rd8+ 26. Kc5 Rd6 27. Re1 Kf6 28. Rd1 Re6 29. Rd7 g5 30. fxg5+ Kxg5 31. Rxc7 Re1 32. Rxa7 Rc1 33. Kc4 Rc2 34. b4 Kf4 35. Rg7 h4 36. a4 h3 37. gxh3 Rxh2 38. a5 Rxh3 39. a6 Kf3 40. a7 Rh8 41. Kc5 Rc8 42. Na4 Rf8 43. Nb6 f4 44. a8=Q Rxa8 45. Nxa8 Kf2 46. Kxc6 f3 47. b5 Kf1 48. b6 f2 49. b7 Ke1 50. Rf7 f1=Q 51. Rxf1+ Kxf1 52. b8=Q Ke2 53. Qf4 Kd3 54. Kd5 Kc3 55. Qc4+ Kb2 56. Kd4 Kb1 57. Qd3+ Kc1 58. Ke3 Kb2 59. Nc7 Ka2 60. Qc3 Kb1 61. Qd2 Ka1 62. Kd3 Kb1 63. Kc3 Ka1 64. Qb2# 1-0

[Event "Balkan Youth Online-ch 2020"]
[Site "Online"]
[Date "2020.10.31"]
[Round "2.31"]
[White "Xhembulla, Aleksander"]
[Black "Guri, Adrian"]
[Result "1/2-1/2"]
[ECO "B22"]
[WhiteElo "1739"]
[BlackElo "1611"]
[Annotator "NA RC"]
[PlyCount "92"]
[EventDate "2020.10.31"]
[EventType "swiss"]
[SourceTitle "playchess.com"]
[Source "ChessBase"]
[SourceQuality "1"]
[TimeControl "5400+30"]

1. e4 c5 2. c3 Nf6 3. e5 Nd5 4. d4 cxd4 5. cxd4 Nc6 6. Nf3 d6 7. Bc4 Nb6 8. Bb5 dxe5 9. Nxe5 Bd7 10. Nc3 Nxe5 11. dxe5 e6 12. Qe2 Bxb5 13. Qxb5+ Qd7 14. O-O Qxb5 15. Nxb5 Nd5 16. Bg5 a6 17. Nc3 Nxc3 18. bxc3 h6 19. Be3 Rc8 20. Rab1 b5 21. a4 bxa4 22. Rb7 a3 23. Ra7 Be7 24. Rd1 Rd8 25. Rxd8+ Bxd8 26. Bc5 Bc7 27. Bxa3 Kd7 28. Bd6 Rc8 29. Rxa6 Bxd6 30. Rxd6+ Ke7 31. Rd3 Ra8 32. g3 Ra1+ 33. Kg2 Rc1 34. h4 h5 35. Kf3 Rc2 36. Ke3 g6 37. f4 Ra2 38. c4 Ra7 39. Kd4 Kd7 40. Kc5+ Kc7 41. Rb3 Ra6 42. Kb5 Rb6+ 43. Ka4 Rc6 44. Kb5 Rb6+ 45. Ka4 Rc6 46. Kb5 Rb6+ 1/2-1/2